 Dungeon Crawl Stone Soup version 0.23-a0-577-g2b1de94 (webtiles) character file.

185 JeffiDaFish the Conjurer (level 5, 0/38 HPs)
             Began as a Draconian Conjurer on Dec 15, 2018.
             Slain by Duvessa
             ... wielding a +3 short sword
              (1 damage)
             ... on level 3 of the Dungeon.
             The game lasted 00:07:58 (3640 turns).

JeffiDaFish the Conjurer (Draconian Conjurer)       Turns: 3640, Time: 00:07:58

Health: 0/38       AC:  7    Str: 10    XL:     5   Next: 37%
Magic:  1/18       EV: 16    Int: 17    God:
Gold:   163        SH:  0    Dex: 11    Spells: 0/10 levels left

rFire    + . .     SeeInvis .   c - +0 short sword
rCold    . . .     Gourm    .   (no shield)
rNeg     . . .     Faith    .   (armour unavailable)
rPois    .         Spirit   .   (helmet restricted)
rElec    .         Reflect  .   f - +0 cloak
rCorr    .         Harm     .   (no gloves)
MR       .....     Rnd*Rage +   d - +0 pair of boots
Stlth    ++........             (no amulet)
HPRegen  0.12/turn              g - +4 ring of evasion
MPRegen  0.16/turn              b - ring of magical power

@: flying, starving
A: unfitting armour, big wings, talons 1, berserk 1, fire resistance 1,
cold-blooded, AC +5
a: Stop Flying


You were on level 3 of the Dungeon.
You were starving.

You visited 1 branch of the dungeon, and saw 4 of its levels.

You collected 163 gold pieces.

Inventory:

Hand Weapons
 c - a +0 short sword (weapon)
Armour
 d - a +0 pair of boots (worn)
 f - a +0 cloak (worn)
Jewellery
 b - a ring of magical power (right hand)
 g - a +4 ring of evasion (left hand)
 i - an uncursed amulet of faith {unknown}
Scrolls
 n - a scroll of identify
 o - 2 scrolls of remove curse
Potions
 a - a potion of mutation
 e - a potion of agility
 k - 5 potions of curing
 l - a potion of cancellation
 p - a potion of magic
Comestibles
 m - 5 rations


   Skills:
 - Level 2.4 Dodging
 - Level 1.7 Stealth
 + Level 3.2 Spellcasting
 * Level 5.7 Conjurations


You couldn't memorise any spells.
You knew the following spells:

 Your Spells              Type           Power        Failure   Level  Hunger
a - Magic Dart            Conj           ###.         1%          1    None
b - Searing Ray           Conj           ###...       2%          2    ##.....
c - Dazzling Spray        Conj/Hex       ##....       16%         3    ###....
d - Iskenderun's Mystic   Conj           ###.....     16%         4    ####...

Your spell library contained the following spells:

 Spells                   Type           Power        Failure   Level  Hunger
 Confusing Touch          Hex            #.....       17%         1    None
 Confuse                  Hex            #.......     45%         3    ###....
 Gell's Gravitas          Tloc           #.........   45%         3    ###....
 Force Lance              Conj/Tloc      ##......     45%         4    ####...
 Fulminant Prism          Conj/Hex       ##........   45%         4    ####...
 Petrify                  Tmut/Erth      #.......     86%         4    ####...
 Metabolic Englaciation   Hex/Ice        #.........   99%         5    ######.
 Yara's Violent Unravell  Hex/Tmut       #.........   99%         5    ######.


Dungeon Overview and Level Annotations

Branches:
Dungeon (4/15)
 Temple: D:4-7

Altars:
Dithmenos
Gozag

Annotations:
D:3 Duvessa
D:4 Eustachio


Innate Abilities, Weirdness & Mutations

Your plain brown scales are hard. (AC +5)
You cannot fit into any form of body armour.
You are cold-blooded and may be slowed by cold attacks.
Your large and strong wings let you fly indefinitely.
You have sharp toenails.
You tend to lose your temper in combat.
Your flesh is heat resistant. (rF+)


Message History

Casting: Dazzling Spray (safe; 16% risk of failure)
Confirm with . or Enter, or press ? or * to list all spells.
Aiming: Dazzling Spray (safe; 16% risk of failure)
Press: ? - help, Shift-Dir - straight line, f/p - Duvessa
Aim: Duvessa, wielding a +3 short sword and wearing a +0 leather armour The spray of energy hits Duvessa.
Duvessa is heavily wounded.
Duvessa is dazzled.
You are starving!
Duvessa misses you.
You hit Duvessa but do no damage.
Your tail-slap misses Duvessa.
Duvessa is heavily wounded.
Duvessa hits you with a +3 short sword!
* * * LOW HITPOINT WARNING * * *
You hit Duvessa but do no damage.
Duvessa is heavily wounded.
Duvessa hits you with a +3 short sword.
* * * LOW HITPOINT WARNING * * *
Duvessa hits you with a +3 short sword.
You die...

.#
#.#.#.#...#.##.............#.#
.#
#.#.#.#...#.#..>...........#.#
.#
#.#.#.#.#.#.#..............#.#
.#
#.#.#.#.#.#.#...........####.#
.# #.#.#.#.#.#<#...........#
#.# .#
#.#.#.#.#.###)..........# #.#
## #.#.#.#<#...#...........#
#.# #.#.#.#####.#...........#
#.# #.#.#.....#.#@..........#
#.# #.#.#####.#.#e###.....###
#.# #.........#.#.# #.....#
#.#
######.#######.#.###.....####
#.# .......# #.#...e........#
#.# ######## #.####......##.#
#.# #.# ##.....##.# #.# # #.#
#.....##.# #.# # #.#
########.# #.#


You could see Duvessa (blind).

Vanquished Creatures
  Dowan (D:4)
  An orc priest (D:3)
  A gnoll (D:1)
  2 adders
  2 worms (D:2)
  4 dart slugs
  4 leopard geckos
  6 orcs (D:3)
  A ball python (D:1)
  4 bats
  3 giant cockroaches
  3 goblins
  6 hobgoblins
  3 kobolds
  A quokka (D:2)
  7 frilled lizards
  10 rats
59 creatures vanquished.

Notes
Turn   | Place    | Note
-------+----------+-------------------------------------------
     0 | D:1      | JeffiDaFish the Draconian Conjurer began the quest for the
                  | Orb.
     0 | D:1      | Reached XP level 1. HP: 14/14 MP: 3/3
   568 | D:1      | Reached XP level 2. HP: 20/20 MP: 0/5
   663 | D:1      | Gained mutation: You tend to lose your temper in combat.
                  | [potion of mutation]
   663 | D:1      | Gained mutation: Your flesh is heat resistant. (rF+)
                  | [potion of mutation]
   663 | D:1      | Gained mutation: Your large and strong wings let you fly
                  | indefinitely. [potion of mutation]
   663 | D:1      | Gained mutation: You have sharp toenails. [potion of
                  | mutation]
  1012 | D:1      | Learned a level 2 spell: Searing Ray
  1039 | D:1      | Reached XP level 3. HP: 26/26 MP: 1/6
  1215 | D:1      | Learned a level 3 spell: Dazzling Spray
  1727 | D:2      | Found a faded altar of an unknown god.
  2146 | D:2      | Reached XP level 4. HP: 33/33 MP: 7/7
  2460 | D:3      | Found an opulent altar of Gozag.
  2507 | D:3      | Reached skill level 5 in Conjurations
  2910 | D:3      | Found a shadowy altar of Dithmenos.
  3403 | D:3      | Reached XP level 5. HP: 38/38 MP: 9/9
  3469 | D:4      | Noticed Dowan
  3476 | D:4      | Learned a level 4 spell: Iskenderun's Mystic Blast
  3476 | D:4      | Noticed Eustachio
  3480 | D:4      | Killed Dowan
  3484 | D:4      | Noticed Duvessa
  3640 | D:3      | HP: 1/38 [Duvessa/+3 short sword (6)]
  3640 | D:3      | Slain by Duvessa

Vault maps used:
D:1:      eino_arrival_cavern_a
D:2:      chequers_ecumenical_altar_simple
D:3:      lemuel_round_altar, nicolae_dithmenos_through_a_glass_darkly,
          first_ration
D:4:      minmay_temple_entry_antechambers, uniq_ijyb, uniq_eustachio,
          uniq_duvessa

Skill      XL: |  1  2  3  4 |
---------------+-------------+-----
Dodging        | 2 |  2.4
Conjurations   | 5 |  5.7
Spellcasting   | 3 |  3.2
Stealth        | |  1.7

Action                   |  1- 3 |  4- 6 || total
-------------------------+-------+-------++-------
Melee: Unarmed           |    10 |       ||    10
       Short sword       |    62 |    43 ||   105
       Tailslap          |     5 |     1 ||     6
       Kick              |     1 |       ||     1
 Cast: Magic Dart        |    43 |    31 ||    74
       Searing Ray       |     8 |     4 ||    12
       Dazzling Spray    |       |     9 ||     9
       Iskenderun's Myst |       |     2 ||     2
 Abil: Fly               |     1 |       ||     1
  Use: Scroll            |     5 |     3 ||     8
       Potion            |     5 |     3 ||     8
 Stab: Sleeping          |     1 |       ||     1
  Eat: Chunk             |     2 |     4 ||     6
       Ration            |     1 |       ||     1
Armor: Skin              |    33 |    13 ||    46
Dodge: Dodged            |    78 |    55 ||   133

Table legend:
 A = Non-vault XP
 B = Vault XP
 C = Vault XP percentage of total XP
 D = Non-vault monster count
 E = Vault monster count
 F = Vault count percentage of total count
                 A         B        C        D         E       F
            +---------+---------+-------+---------+---------+-------
      Total |     196 |      69 |  26.0 |      58 |       1 |   1.7
            +---------+---------+-------+---------+---------+-------
        D:1 |      56 |       0 |   0.0 |      20 |       0 |   0.0
        D:2 |      46 |       0 |   0.0 |      18 |       0 |   0.0
        D:3 |      94 |       0 |   0.0 |      20 |       0 |   0.0
        D:4 |       0 |      69 | 100.0 |       0 |       1 | 100.0
            +---------+---------+-------+---------+---------+-------
